 Dungeon Crawl Stone Soup version 0.24.1 (webtiles) character file.

Game seed: 7435948912681289902, levelgen mode: deterministic

70 Descartes the Magician (level 4, 0/24 HPs)
             Began as a Deep Elf Air Elementalist on Mar 31, 2020.
             Was an Initiate of Vehumet.
             Slain by an orc wizard
             ... wielding a +0 dagger
              (6 damage)
             ... on level 3 of the Dungeon.
             The game lasted 00:05:19 (2887 turns).

Descartes the Magician (Deep Elf Air Elementalist)  Turns: 2887, Time: 00:05:20

Health: 0/24       AC:  2    Str:  5    XL:     4   Next: 3%
Magic:  5/12       EV: 12    Int: 21    God:    Vehumet [......]
Gold:   124        SH:  0    Dex: 15    Spells: 10/11 levels left

rFire    . . .     SeeInvis .   l - +0 falchion
rCold    . . .     Gourm    .   (no shield)
rNeg     . . .     Faith    .   a - +0 robe
rPois    .         Spirit   .   (no helmet)
rElec    .         Reflect  .   (no cloak)
rCorr    .         Harm     .   (no gloves)
MR       .....                  (no boots)
Stlth    ++........             (no amulet)
HPRegen  0.08/turn              m - ring of flight
MPRegen  0.13/turn              (no ring)

@: very slightly contaminated, drained
A: no striking features
a: Renounce Religion, Evoke Flight


You were on level 3 of the Dungeon.
You worshipped Vehumet.
Vehumet was noncommittal.
You were hungry.

You visited 1 branch of the dungeon, and saw 3 of its levels.

You collected 124 gold pieces.

Inventory:

Hand Weapons
 l - a +0 falchion (weapon)
Missiles
 b - 127 stones (quivered)
 h - 8 boomerangs
Armour
 a - a +0 robe (worn)
Jewellery
 m - a ring of flight (left hand)
Scrolls
 d - a scroll of amnesia {unknown}
 e - 3 scrolls of remove curse {unknown}
 i - 2 scrolls of teleportation {unknown}
 k - 4 scrolls of identify {unknown}
Potions
 f - a potion of ambrosia {unknown}
 g - a potion of heal wounds {unknown}
 j - a potion of flight {unknown}
 n - a potion of mutation {unknown}
 o - a potion of lignification {unknown}
 p - a potion of magic {unknown}
Comestibles
 c - 4 rations
 q - 2 chunks of flesh


   Skills:
 + Level 2.8(1.9) Dodging
 + Level 2.5(1.6) Stealth
 + Level 4.2(3.3) Spellcasting
 + Level 2.0(1.1) Conjurations
 + Level 3.7(2.7) Air Magic


You had 10 spell levels left.
You knew the following spells:

 Your Spells              Type           Power        Failure   Level  Hunger
a - Shock                 Conj/Air       ##..         6%          1    None

Your spell library contained the following spells:

 Spells                   Type           Power        Failure   Level  Hunger
 Swiftness                Chrm/Air       #.......     11%         2    ##.....
 Static Discharge         Conj/Air       ##......     17%         3    ###....
 Airstrike                Air            ###.......   38%         4    ####...
 Lightning Bolt           Conj/Air       ##........   85%         5    ######.


Dungeon Overview and Level Annotations

Branches:
Dungeon (3/15)

Altars:
Vehumet


Message History

You hit the orc wizard.
The orc wizard is heavily wounded.
The orc wizard hits you but does no damage.
You barely miss the orc wizard.
The orc wizard is heavily wounded.
The orc wizard looks encouraged for a moment.
The orc wizard hits you with a +0 dagger.
You hit the orc wizard but do no damage.
The orc wizard is heavily wounded.
The orc wizard barely misses you.
You closely miss the orc wizard.
The orc wizard is heavily wounded.
The orc wizard points at you and mumbles some strange words.
The magic dart hits you.
You closely miss the orc wizard.
The orc wizard is heavily wounded.
The orc wizard hits you with a +0 dagger.
* * * LOW HITPOINT WARNING * * *
The orc wizard hits you with a +0 dagger.
You die...

#............# #
#......<.รท...# ..
##)######.##.#######.#
#.#### #.##.........#
#....# #.#####....###
####.###.# #......#
#.)#..(.# #....#.#
#.#.#########..###..
#.#@# #..........#
#.#o# #.###..###.#
....# #....... #...#
##....^# #...# #####.#
#...# #######.. .....
.......<# ####..
######### #


You could see an orc wizard.

Vanquished Creatures
  2 adders
  A worm (D:2)
  An adder skeleton (D:2)
  A dart slug (D:2)
  A leopard gecko (D:1)
  2 orcs (D:3)
  3 giant cockroaches
  4 goblins (D:2)
  5 hobgoblins (D:1)
  4 kobolds
  2 quokkas
  6 bats
  A frilled lizard (D:2)
  5 rats
38 creatures vanquished.

Notes
Turn   | Place    | Note
-------+----------+-------------------------------------------
     0 | D:1      | Descartes the Deep Elf Air Elementalist began the quest for
                  | the Orb.
     0 | D:1      | Reached XP level 1. HP: 10/10 MP: 6/6
   287 | D:1      | Reached XP level 2. HP: 8/15 MP: 2/8
  1726 | D:2      | Reached XP level 3. HP: 19/19 MP: 1/10
  2436 | D:2      | Found a radiant altar of Vehumet.
  2481 | D:2      | Became a worshipper of Vehumet
  2708 | D:3      | Reached skill level 4 in Spellcasting
  2764 | D:3      | Reached XP level 4. HP: 19/24 MP: 8/12
  2887 | D:3      | Slain by an orc wizard

Levels and vault maps discovered:
D:1:      minmay_arrival_shattered_statue, layout_loops_ring,
          kennysheep_nondescript, minmay_tree_intersection
D:2:      layout_rooms, lemuel_doored_altar, chequers_serial_rivers_small_a
D:3:      layout_loops_ring, tgw_xom, dk_noncrumbling_3,
          nicolae_qazlal_style_of_elements, uniq_crazy_yiuf_cottage

Skill      XL: |  1  2  3 |
---------------+----------+-----
Spellcasting   | 4 |  4.2
Conjurations   | 2 |  2.0
Dodging        | |  2.8
Stealth        | |  2.5
Air Magic      | |  3.7

Action                   |  1- 3 |  4- 6 || total
-------------------------+-------+-------++-------
Melee: Unarmed           |     7 |       ||     7
       Falchion          |       |     7 ||     7
 Cast: Shock             |   117 |    12 ||   129
  Eat: Chunk             |     6 |       ||     6
Armor: Robe              |     9 |     2 ||    11
Dodge: Dodged            |    31 |     4 ||    35
       Rpst.: Falchion   |     1 |       ||     1
